 Dungeon Crawl Stone Soup version 0.30.1-11-g7821555f0a (webtiles) character file.

Game seed: 12717049028594416595

179 HessuHobo the Covered (level 5, -6/41 HPs)
             Began as a Human Fighter on Nov 30, 2023.
             Splashed by a jelly's acid (10 damage)
             ... on level 4 of the Dungeon.
             The game lasted 00:10:19 (3502 turns).

HessuHobo the Covered (Human Fighter)               Turns: 3502, Time: 00:10:20

Health: -6/41      AC:  1    Str: 18    XL:     5   Next: 90%
Magic:  5/5        EV:  7    Int: 14    God:
Gold:   287        SH:  0    Dex: 13    Spells: 4/4 levels left

rFire   . .          .
                       - Unarmed
rCold   . . .        (no shield)
rNeg    . . .        c - +0 chain mail
rPois   .            (no helmet)
rElec   .            (no cloak)
rCorr   .            (no gloves)
SInv    .            (no boots)
Will    .....        (no amulet) Stlth
                     l - +6 ring of intelligence
HPRegen 0.26/turn    (no ring)
MPRegen 0.09/turn

%: no passive effects
@: corroded
A: no striking features
a: no special abilities


You were on level 4 of the Dungeon.
You visited 1 branch of the dungeon, and saw 4 of its levels.

You collected 287 gold pieces.

Inventory:

Missiles
 t - 6 boomerangs (quivered)
 x - 2 poisoned darts
Armour
 a - a +0 scale mail
 b - a +0 buckler
 c - a +0 chain mail (worn)
Jewellery
 l - a +6 ring of intelligence (left hand)
Scrolls
 f - a scroll of poison {unknown}
 j - a scroll of teleportation
 k - a scroll of enchant weapon
 m - 3 scrolls of noise
 o - 2 scrolls of fog
 q - a scroll of immolation
 u - a scroll of blinking {unknown}
 v - a scroll of magic mapping {unknown}
Potions
 d - 3 potions of lignification
 e - 2 potions of ambrosia
 g - a potion of resistance
 h - a potion of invisibility
 i - a potion of attraction
 n - 3 potions of brilliance
 p - a potion of heal wounds {unknown}
 r - a potion of mutation {unknown}
 s - a potion of curing {unknown}
 z - a potion of might


   Skills:
 + Level 3.4 Fighting
 * Level 0.3 Throwing
 + Level 4.8 Armour
 - Level 3.0 Shields
 + Level 3.6 Unarmed Combat


You had 4 spell levels left.
You didn't know any spells.
Your spell library contained the following spells:

 Spells                   Type           Power      Damage    Failure   Level
 Sublimation of Blood     Necr           0%         N/A       98%         2
 Volatile Blastmotes      Fire/Tloc      0%         2d10      100%        3
 Fulminant Prism          Conj/Hex       0%         3d5       100%        4
 Iskenderun's Mystic Bla  Conj/Tloc      0%         2d3       100%        4
 Petrify                  Tmut/Erth      0%         N/A       100%        4
 Irradiate                Conj/Tmut      0%         3d11      100%        5
 Lee's Rapid Deconstruct  Erth           0%         3d4*      100%        5


Dungeon Overview and Level Annotations

Branches:
Dungeon (4/15)
 Temple: D:4-7

Altars:
Cheibriados
Kikubaaqudgha
Sif Muna
Trog

Shops:
D:1 *


Message History

There are monsters nearby!
The ball python bites you but does no damage.
The ball python grabs you. The ball python constricts you.
The ball python bites you but does no damage.
The ball python constricts you.
You see here a white potion.
You closely miss the ball python.
The ball python bites you but does no damage.
The ball python constricts you.
You closely miss the ball python. The ball python bites you.
The ball python constricts you.
You hit the ball python.
The ball python is moderately wounded.
The ball python bites you but does no damage.
The ball python constricts you.
You punch the ball python!
You kill the ball python!
You hit the jelly.
Your hands burn!
The jelly is lightly wounded.
The jelly hits you but does no damage.
You hit the jelly.
Your hands burn!
The jelly is moderately wounded.
The jelly hits you. The acid corrodes you!
You are splashed with acid!
You hit the jelly.
Your hands burn!
The jelly is heavily wounded.
You hit the jelly.
Your hands burn!
The jelly is almost dead.
The jelly hits you but does no damage.
You hit the jelly but do no damage.
Your hands burn!
The jelly is almost dead.
The jelly hits you.
You are splashed with acid!
* * * LOW HITPOINT WARNING * * *
Okay, then.
You hit the jelly. The acid corrodes you!
Your hands burn!
* * * LOW HITPOINT WARNING * * *
The jelly is almost dead.
The jelly hits you.
* * * LOW HITPOINT WARNING * * *
You are splashed with acid!
You die...

#............##
#.##########.## #.###.
#.## #.##.# #.###.## ##
#.##.# #....... ..
#....###...<..# #.
#..##...####.)#
#.##>>####..#...........
#...$.J@....#.#########.
###...####.##.# . #...
#....# . .... ####.# #.
### #..^..._.. ^.
#..#...... #..#......
#..# ..... #..# #####


You could see a jelly.

Vanquished Creatures
  Jessica (D:2)
  Terence (D:1)
  6 adders
  2 worms (D:3)
  2 orcs (D:3)
  11 bats
  2 endoplasms
  4 giant cockroaches
  4 goblins
  4 hobgoblins
  5 quokkas
  9 ball pythons
  2 frilled lizards
  8 kobolds
  4 rats
65 creatures vanquished.

Notes
Turn   | Place    | Note
-------+----------+-------------------------------------------
     0 | D:1      | HessuHobo the Human Fighter began the quest for the Orb.
     0 | D:1      | Reached XP level 1. HP: 18/18 MP: 1/1
   126 | D:1      | Reached XP level 2. HP: 22/24 MP: 2/2
   185 | D:1      | Found Pelull's General Store.
   983 | D:2      | Noticed Jessica
   995 | D:2      | Killed Jessica
   996 | D:2      | Reached XP level 3. HP: 13/29 MP: 3/3
  1174 | D:2      | Reached XP level 4. HP: 32/35 MP: 4/4
  1227 | D:2      | Found a shimmering blue altar of Sif Muna.
  1520 | D:2      | Noticed Terence
  1542 | D:1      | Killed Terence
  1543 | D:1      | Reached skill level 4 in Armour
  1754 | D:2      | Reached XP level 5. HP: 41/41 MP: 5/5
  2761 | D:3      | Found a snail-covered altar of Cheibriados.
  2931 | D:3      | Found a shimmering blue altar of Sif Muna.
  3242 | D:3      | Found a bloodstained altar of Trog.
  3479 | D:4      | Found an ancient bone altar of Kikubaaqudgha.
  3502 | D:4      | Splashed by a jelly's acid

Illustrated notes

Levels and vault maps discovered:
D:1:      minmay_arrival_doors, layout_basic, serial_shops, shop,
          roderic_serpentine_path
D:2:      layout_loops_cross, basic_altar, dk_noncrumbling_3,
          chequers_serial_rivers_small_3, chequers_jeans, minmay_crystal_room,
          uniq_terence, uniq_jessica
D:3:      kennysheep_six_static_rooms, layout_loops_ring,
          cheibrodos_worm_habitat, trog_butcher_becter,
          nicolae_sif_muna_condensation
D:4:      layout_loops_ring, lemuel_tele_altar, serial_shops,
          kennysheep_mini_moat, minivault_11, chequers_serial_rivers_room_a

Skill      XL: |  1  2  3  4  5 |
---------------+----------------+-----
Armour         | 4 |  4.8
Unarmed Combat | 3 |  3.6
Fighting       | |  3.4
Throwing       | |  0.3
Shields        | |  3.0

Action                     |  1- 3 |  4- 6 || total
---------------------------+-------+-------++-------
  Melee: Unarmed           |    86 |   199 ||   285
         Punch             |       |     4 ||     4
    Use: Potion            |     1 |     1 ||     2
         Scroll            |       |    10 ||    10
 Armour: Scale mail        |    48 |    12 ||    60
         Chain mail        |       |    93 ||    93
  Dodge: Dodged            |    49 |    63 ||   112
  Block: Buckler           |    16 |     7 ||    23
